 Dungeon Crawl Stone Soup version 0.30-a0-939-gc8157cb160 (webtiles) character file.

Game seed: 14896479080014395171

6286 DeathPants the Summoner (level 10, -1/53 HPs)
             Began as a Vine Stalker Summoner on Mar 25, 2023.
             Was an Initiate of Gozag.
             Slain by a wolf (4 damage)
             ... on level 9 of the Dungeon.
             The game lasted 00:30:05 (8340 turns).

DeathPants the Summoner (Vine Stalker Summoner)     Turns: 8340, Time: 00:30:06

Health: -1/53      AC:  8    Str: 11    XL:     10   Next: 94%
Magic:  0/21       EV: 15    Int: 15    God:    Gozag
Gold:   682        SH:  0    Dex: 19    Spells: 18/23 levels left

rFire   . . .      SeeInvis .    a - +2 short sword (speed)
rCold   . . .      Faith    .    (no shield)
rNeg    . . .      Spirit   +    c - +0 leather armour
rPois   .          Reflect  .    (no helmet)
rElec   .          Rampage  .    u - +2 cloak {Will+}
rCorr   .                        j - +1 pair of gloves
Will    ++...                    (no boots)
Stlth   +++                      (no amulet)
HPRegen 1.08/turn                (no ring)
MPRegen 0.17/turn                (no ring)

@: about to teleport
A: fangs 3, regeneration 1, magic shield, antimagic bite, no potion heal 2
a: Renounce Religion, Potion Petition, Call Merchant, Bribe Branch


You were on level 9 of the Dungeon.
You worshipped Gozag.
Gozag was pleased with you.
You visited 2 branches of the dungeon, and saw 10 of its levels.

You collected 829 gold pieces.
You spent 52 gold pieces at shops.
You paid 95 gold pieces to Gozag.

Inventory:

Hand Weapons
 a - a +2 short sword of speed (weapon)
 b - a +5 scimitar of draining
 l - a +0 dagger of protection
Missiles
 i - a throwing net
 p - 2 curare-tipped darts
 r - 28 poisoned darts
Armour
 c - a +0 leather armour (worn)
 j - a +1 pair of gloves (worn)
 k - a +0 buckler
 t - a scarf of repulsion
 u - a +2 cloak of willpower (worn)
Jewellery
 d - an amulet of magic regeneration
 o - a ring of fire
Scrolls
 e - 3 scrolls of teleportation
 h - a scroll of enchant weapon
 m - a scroll of magic mapping {unknown}
Potions
 f - 3 potions of attraction
 g - a potion of cancellation {unknown}
 n - 5 potions of curing
 q - a potion of magic
 s - 3 potions of brilliance


   Skills:
 + Level 6.5 Fighting
 - Level 5.1(5.7) Short Blades
 + Level 3.6(5.0) Long Blades
 + Level 6.3 Dodging
 + Level 3.6 Stealth
 - Level 7.2 Spellcasting
 + Level 8.3 Summonings


You had 18 spell levels left.
You knew the following spells:

 Your Spells              Type           Power      Damage    Failure   Level
a - Call Imp              Summ           30%        N/A       1%          2
b - Call Canine Familiar  Summ           30%        N/A       1%          3

Your spell library contained the following spells:

 Spells                   Type           Power      Damage    Failure   Level
 Summon Small Mammal      Summ           100%       N/A       1%          1
 Summon Guardian Golem    Hex/Summ       18%        N/A       9%          3
 Shock                    Conj/Air       20%        1d4       17%         1
 Blink                    Tloc           10%        N/A       26%         2
 Cigotuvi's Dreadful Rot  Necr/Pois/Air  10%        N/A       26%         2
 Poisonous Vapours        Pois/Air       10%        N/A       26%         2
 Summon Lightning Spire   Summ/Air       18%        N/A       30%         4
 Mephitic Cloud           Conj/Pois/Air  5%         N/A       45%         3
 Swiftness                Air            5%         N/A       45%         3
 Airstrike                Air            2%         2d(1-17)  86%         4
 Manifold Assault         Tloc           5%         N/A       86%         4
 Storm Form               Tmut/Air       2%         N/A       100%        7
 Maxwell's Capacitive Co  Air            2%         ∞         100%        8


Dungeon Overview and Level Annotations

Branches:
Dungeon (9/15)             Temple (1/1) D:6            Lair (0/5) D:9
    Orc: D:9-12

Altars:
Cheibriados
Dithmenos
Elyvilon
Fedhas
Gozag
Hepliaklqana
Kikubaaqudgha
Makhleb
Nemelex Xobeh
Okawaru
Qazlal
Ru
Sif Muna
Trog
Uskayaw
Vehumet
Wu Jian
Xom
Yredelemnul
Zin

Shops:
D:6 ?   D:7 :

Annotations:
D:9 2 transporters


Innate Abilities, Weirdness & Mutations

You have razor-sharp teeth.
Your natural rate of healing is unusually fast.
When hurt, damage is shared between your health and your magic reserves.
Your bite disrupts and absorbs the magic of your enemies.
Potions cannot restore your health.


Message History

You hit the hornet but do no damage. Your bite misses the hornet.
The hornet is severely wounded.
The hound bites you but does no damage. The hornet stings you.
You are poisoned.
You feel yourself slow down. The wolf bites you. The hound misses you.
The hound splashes around in the water.
The hound bites you but does no damage.
You hit the hornet. Your bite misses the hornet.
The hornet is almost dead.
You feel yourself speed up.
You feel sick. The wolf completely misses you.
Your hound bites the hound.
The hound closely misses you. The hornet barely misses you.
The wolf misses you. The hound barely misses you.
You hit the hornet.
The hornet is almost dead.
You feel sick. The wolf barely misses you. The hound closely misses you.
The hound barely misses you.
Your hound barely misses the hound.
The hornet stings you but does no damage.
The hound completely misses you. The wolf completely misses you.
You hit the hornet but do no damage. Your bite misses the hornet.
The hornet is almost dead.
You feel sick. The wolf barely misses you. The hound bites you.
* * * LOW HITPOINT WARNING * * *
The hound bites you but does no damage. x2; Your hound bites the hound.
As you read the scroll of teleportation, it crumbles to dust.
You feel strangely unstable.
You feel sick. The wolf closely misses you. The hound closely misses you.
The hornet stings you!
* * * LOW HITPOINT WARNING * * *
You feel yourself slow down. The wolf closely misses you.
The hound closely misses you. The hound misses you. x2
The wolf closely misses you.
Your hound bites the hound.
The hornet closely misses you. The hound bites you.
* * * LOW HITPOINT WARNING * * *
The wolf barely misses you.
Your system rejects the healing.
You feel better.
You feel yourself speed up. The hound misses your hound.
The hound closely misses you. The wolf barely misses you. The hound misses you.
Your hound misses the hound. The wolf bites you.
You die...
Your body crumbles into a pile of gold.

## ### #..|. .. ..#
#.....# ..#.#.# .# #.#
#.. ..###..#.#.# .###.#
#.#+#.##........
.#...####.#.#.##......~.
..........#.#.##......~.
...©........#.##....~.~~
###########.#.##hhS~.≈.≈


oooooo.. #....h@yT~≈≈≈~ o#####o.. #.#..hhh.≈~≈≈≈ ..#o#....##.#.h.h~~≈≈.~.
......?#.#........~~~... #.8.8.##.####.##..~≈.~.> $.._ .} .# #.##.~~~....
#.##..≈≈~.~. #.##..~≈~... $ $ #.# .~≈ You could see a troll, a hornet, 2 wolves,
5 hounds, an electric eel and a friendly hound (summoned).

Vanquished Creatures
  A hornet (D:8)
  Sigmund (D:3)
  A steam dragon (D:9)
  2 water moccasins
  3 sky beasts
  An ice beast (D:6)
  2 black bears
  An orc warrior (D:6)
  An ogre (D:5)
  3 centaurs
  A phantom (D:4)
  Blork the orc (D:6)
  A kobold brigand (D:8)
  5 bullfrogs
  A gnoll sergeant (D:6)
  2 scorpions (D:5)
  12 wights
  2 water moccasin zombies (D:5)
  6 killer bees
  2 howler monkeys (D:8)
  2 bullfrog zombies (D:5)
  A human zombie (D:5)
  5 hounds
  A centaur zombie (D:5)
  3 orc priests
  Crazy Yiuf (D:6)
  A jelly (D:8)
  4 iguanas
  Natasha (thrice) (D:2)
  7 orc wizards
  3 mummies (D:5)
  6 adders
  3 gnolls (D:6)
  A shadow imp (D:8)
  A worm (D:4)
  A dart slug (D:1)
  16 orcs
  4 bats
  4 endoplasms
  5 giant cockroaches
  12 goblins
  8 hobgoblins
  11 ball pythons
  3 frilled lizards
  11 kobolds
  A rat (D:3)
167 creatures vanquished.

Vanquished Creatures (collateral kills)
  2 two-headed ogres
  A water moccasin (D:6)
  A black bear (D:7)
  An ogre (D:5)
  A necrophage (D:5)
  A scorpion (D:5)
  A howler monkey (D:8)
  2 hounds
  2 orc priests
  An iguana (D:5)
  3 orc wizards
  2 gnolls (D:6)
  A dart slug (D:1)
  9 orcs
  An endoplasm (D:2)
  2 goblins
  A hobgoblin (D:1)
  A bat (D:1)
  4 kobolds
37 creatures vanquished.

Grand Total: 204 creatures vanquished

Notes
Turn   | Place    | Note
-------+----------+-------------------------------------------
     0 | D:1      | DeathPants the Vine Stalker Summoner began the quest for
                  | the Orb.
     0 | D:1      | Reached XP level 1. HP: 9/9 MP: 4/4
   292 | D:1      | Reached XP level 2. HP: 14/14 MP: 6/6
   307 | D:1      | Learned a level 2 spell: Call Imp
   766 | D:1      | Reached XP level 3. HP: 17/17 MP: 5/7
   770 | D:1      | Learned a level 3 spell: Call Canine Familiar
   801 | D:1      | Found a faded altar of an unknown god.
  1076 | D:2      | Reached skill level 1 in Fighting
  1311 | D:2      | Noticed Natasha
  1314 | D:2      | Killed Natasha
  1315 | D:2      | Reached skill level 1 in Short Blades
  1315 | D:2      | Gained mutation: Your natural rate of healing is unusually
                  | fast. [Vine Stalker growth]
  1315 | D:2      | Reached XP level 4. HP: 22/22 MP: 7/9
  1555 | D:2      | Noticed Natasha
  1565 | D:2      | Killed Natasha
  1584 | D:2      | Noticed Natasha
  1592 | D:2      | Killed Natasha
  1593 | D:2      | Reached XP level 5. HP: 25/25 MP: 10/10
  1998 | D:4      | Noticed a phantom
  2020 | D:3      | You fall into a shaft and drop 1 floor!
  2048 | D:5      | Entered Level 5 of the Dungeon
  2474 | D:3      | Identified the orb of Xoch {mayhem, Fly Slay+2}
  2510 | D:3      | Noticed Sigmund
  2519 | D:3      | Killed Sigmund
  2520 | D:3      | Reached XP level 6. HP: 31/31 MP: 9/12
  2896 | D:4      | Reached skill level 5 in Summonings
  2995 | D:4      | Reached XP level 7. HP: 32/35 MP: 10/13
  3714 | D:5      | Gained mutation: You have razor-sharp teeth. [Vine Stalker
                  | growth]
  3714 | D:5      | Reached XP level 8. HP: 40/40 MP: 7/15
  4249 | D:5      | Reached skill level 6 in Summonings
  4381 | D:5      | Reached skill level 5 in Spellcasting
  4517 | D:5      | Found an ancient bone altar of Kikubaaqudgha.
  4605 | D:5      | Reached XP level 9. HP: 45/45 MP: 16/18
  5034 | D:6      | Noticed Blork the orc
  5052 | D:6      | Killed Blork the orc
  5166 | D:7      | Found Oloaq's Book Shop.
  5251 | D:6      | Found Fenwonur's Magic Scroll Emporium.
  5297 | D:6      | Bought a scroll of identify for 26 gold pieces
  5297 | D:6      | Bought a scroll of identify for 26 gold pieces
  5499 | D:6      | Reached skill level 7 in Summonings
  5543 | D:6      | Found a staircase to the Ecumenical Temple.
  5556 | D:6      | Reached skill level 5 in Fighting
  5556 | D:6      | Reached skill level 5 in Short Blades
  5559 | D:6      | Reached skill level 5 in Dodging
  5565 | Temple   | Entered the Ecumenical Temple
  5601 | Temple   | Became a worshipper of Gozag Ym Sagoz the Greedy
  6020 | D:6      | Found a runed translucent door.
  6021 | D:6      | Noticed Crazy Yiuf
  6028 | D:6      | Killed Crazy Yiuf
  6432 | D:7      | Reached skill level 1 in Long Blades
  6439 | D:7      | Noticed a two-headed ogre
  6479 | D:7      | Killed a two-headed ogre
  6480 | D:7      | Reached XP level 10. HP: 12/53 MP: 17/21
  6887 | D:8      | Found a flagged portal.
  7183 | D:8      | Paralysed by a hornet for 2 turns
  7359 | D:8      | Reached skill level 8 in Summonings
  8194 | D:9      | Noticed a two-headed ogre
  8230 | D:9      | Killed a two-headed ogre
  8284 | D:9      | Found a transporter.
  8287 | D:9      | Found a transporter.
  8311 | D:9      | Found a staircase to the Lair.
  8339 | D:9      | HP: 2/53 [hound (4)]
  8340 | D:9      | Slain by a wolf

Illustrated notes

Levels and vault maps discovered:
D:1:      lemuel_arrival_room, layout_loops_ring,
          dilly_ecumenical_altar_fadedgnrine
D:2:      layout_loops_ring, kennysheep_donut, minmay_tromino_v4_c, uniq_natasha
D:3:      layout_loops_cross, grunt_ministairs_4, uniq_sigmund
D:4:      layout_cave_pools, dreamdust_princess_bridge
D:5:      layout_basic, lemuel_mausoleum_altar_kikubaaqudgha, serial_rivers,
          chequers_serial_rivers_small_b, chequers_serial_rivers_small_a,
          chequers_serial_rivers_micro_d, chequers_serial_rivers_large_b,
          chequers_serial_rivers_room_b
D:6:      layout_basic, minmay_temple_entry_glass, serial_shops, shop_fountains,
          minivault_5, uniq_crazy_yiuf_cottage, uniq_blork_the_orc
D:7:      layout_basic, serial_shops, nicolae_stop_n_shop_1,
          chequers_serial_rivers_small_a
D:8:      layout_basic, nicolae_ossuary_entry_ruins, enter_bailey_5
D:9:      gammafunk_beogh_shrine, layout_basic, erik_lair_island
Temple:   hellmonk_temple_of_storms

Skill      XL: |  1  2  3  4  5  6  7  8  9 10 |
---------------+-------------------------------+-----
Fighting       | 1 2 3 4 5 6 |  6.5
Short Blades   | 1 2 3 4 5 |  5.1
Dodging        | 2 3 4 5 6 |  6.3
Spellcasting   | 3 4 5 6 7 |  7.2
Summonings     | 5 6 7 8 |  8.3
Long Blades    | 2 3 |  3.6
Stealth        | 3 |  3.6

Action                     |  1- 3 |  4- 6 |  7- 9 | 10-12 || total
---------------------------+-------+-------+-------+-------++-------
  Melee: Short sword       |    23 |       |       |   184 ||   207
         Dagger            |    81 |   183 |   444 |       ||   708
         Bite              |    22 |    52 |   177 |    85 ||   336
         Punch             |     1 |       |     6 |     6 ||    13
         Scimitar          |       |       |    18 |    38 ||    56
   Cast: Summon Small Mamm |     5 |       |       |       ||     5
         Call Imp          |     4 |    13 |    32 |     4 ||    53
         Call Canine Famil |       |       |    21 |    18 ||    39
    Use: Scroll            |     1 |       |    16 |     2 ||    19
         Potion            |       |       |     3 |     1 ||     4
   Stab: Sleeping          |     2 |     5 |     5 |     1 ||    13
         Distracted        |       |     1 |     4 |     3 ||     8
 Armour: Robe              |    34 |    13 |       |       ||    47
         Leather armour    |       |    61 |   169 |    69 ||   299
  Dodge: Dodged            |    79 |   112 |   305 |   244 ||   740

Table legend: (Time is in decaauts)
 A = Elapsed time spent in this place.
 B = Non-inter-level travel time spent in this place.
 C = Inter-level travel time spent in this place.
 D = Time resting spent in this place.
 E = Time spent auto-exploring this place.
 F = Levels seen in this place.
 G = Mean time per level.
                   A        B        C        D        E       F      G
               +--------+--------+--------+--------+--------+-----+--------+
         Total |   8169 |   7894 |    275 |    557 |   4704 |  10 |  816.9 |
       Dungeon |   8122 |   7856 |    266 |    557 |   4694 |   9 |  902.4 |
        Temple |     46 |     37 |      9 |      0 |     10 |   1 |   46.0 |
               +--------+--------+--------+--------+--------+-----+--------+

Top non-repeatable levels by time:
     D:5: 1445 daAuts
     D:6: 1231 daAuts
     D:8: 1185 daAuts
     D:2: 939 daAuts
     D:1: 931 daAuts
     D:3: 908 daAuts
     D:7: 734 daAuts
     D:4: 628 daAuts
     D:9: 117 daAuts
  Temple: 46 daAuts
